 Dungeon Crawl Stone Soup version 0.29-a0-322-g68df515428 (webtiles) character file.

Game seed: 8745408817111038123

4274 dreadwin the Basher (level 10, -2/77 (79) HPs)
             Began as a Formicid Fighter on Apr 7, 2022.
             Was an Elder of Nemelex Xobeh.
             Slain by a ten-headed hydra (5 damage)
             ... on level 8 of the Dungeon.
             The game lasted 00:21:40 (8187 turns).

dreadwin the Basher (Formicid Fighter)              Turns: 8187, Time: 00:21:42

HP:   -2/77 (79)    AC: 17    Str: 23    XL:     10   Next: 57%
MP:   10/10         EV: 15    Int:  6    God:    Nemelex Xobeh [****..]
Gold: 173           SH:  5    Dex: 12    Spells: 9/9 levels left

rFire   . . .      SeeInvis +   D - +1 morningstar (protect)
rCold   . . .      Faith    .   c - +0 buckler
rNeg    . . .      Spirit   .   b - +0 scale mail
rPois   .          Reflect  .   (helmet unavailable)
rElec   .          Harm     .   s - scarf {shadows}
rCorr   .          Rampage  .   J - +2 pair of gloves
Will    ++...                   e - +1 pair of boots
Stlth   +.........              (no amulet)
HPRegen 0.22/turn               N - ring "Ickit" {Will+ EV+4 Int-4 Dex+2}
MPRegen 0.12/turn               q - +4 ring of protection

@: lightly drained
A: permanent stasis, dig shafts and tunnels, antennae 3, four strong arms
a: Dig, Shaft Self, Renounce Religion, Draw Escape, Draw Destruction, Draw
Summoning, Triple Draw, Deal Four


You were on level 8 of the Dungeon.
You worshipped Nemelex Xobeh.
Nemelex Xobeh was greatly pleased with you.
You visited 1 branch of the dungeon, and saw 9 of its levels.

You collected 404 gold pieces.
You spent 231 gold pieces at shops.

Inventory:

Hand Weapons
 a - a +0 trident
 l - a +0 vorpal hunting sling
 D - a +1 morningstar of protection (weapon)
Missiles
 A - 151 stones
Armour
 b - a +0 scale mail (worn)
 c - a +0 buckler (worn)
 e - a +1 pair of boots (worn)
 g - a +0 cloak
 s - a scarf of shadows (worn)
 H - a +0 pair of gloves
 J - a +2 pair of gloves (worn)
Magical Staves
 r - a staff of cold
 y - a staff of fire
 K - a staff of earth
Jewellery
 o - a +4 ring of evasion
 q - a +4 ring of protection (right hand)
 u - a ring of poison resistance
 I - a ring of wizardry
 N - the ring "Ickit" (left hand) {Will+ EV+4 Int-4 Dex+2}
   (You found it on level 7 of the Dungeon)

   [ring of evasion]

   EV:        It affects your evasion (+4).
   Int:       It affects your intelligence (-4).
   Dex:       It affects your dexterity (+2).
   Will:      It increases your willpower.
 O - a ring of flight
Wands
 t - a wand of iceblast (6)
Scrolls
 h - 3 scrolls of blinking
 i - a scroll of acquirement {unknown}
 j - 5 scrolls of identify
 k - 2 scrolls of vulnerability {unknown}
 n - 2 scrolls of immolation {unknown}
 p - a scroll of fog
 B - 2 scrolls of brand weapon {unknown}
 E - 2 scrolls of magic mapping {unknown}
 F - 3 scrolls of teleportation {unknown}
Potions
 d - a potion of might
 f - 2 potions of invisibility
 m - 3 potions of heal wounds
 v - a potion of resistance {unknown}
 w - 5 potions of curing
 x - a potion of brilliance {unknown}
 C - 2 potions of mutation {unknown}
 G - 3 potions of magic {unknown}
 L - a potion of haste
 M - a potion of flight {unknown}
 P - a potion of ambrosia {unknown}


   Skills:
 + Level 7.0 Fighting
 + Level 9.2 Maces & Flails
 + Level 5.4 Polearms
 + Level 0.3 Slings
 + Level 6.7 Armour
 + Level 3.4 Dodging
 + Level 2.5 Stealth
 + Level 6.6 Shields


You had 9 spell levels left.
You didn't know any spells.
Your spell library contained the following spells:

 Spells                   Type           Power      Damage    Failure   Level
 Foxfire                  Conj/Fire      0%         2x1d4     80%         1
 Shock                    Conj/Air       0%         1d3       80%         1
 Conjure Flame            Conj/Fire      0%         6-21      99%         3
 Frozen Ramparts          Ice            0%         1d2       99%         3
 Inner Flame              Hex/Fire       0%         N/A       99%         3
 Airstrike                Air            0%         N/A       100%        4
 Flame Wave               Conj/Fire      0%         2d4       100%        4
 Ice Form                 Ice/Tmut       0%         N/A       100%        4
 Summon Ice Beast         Ice/Summ       0%         N/A       100%        4
 Swiftness                Air            Unusable   N/A       N/A         3

Dungeon Overview and Level Annotations

Branches:
Dungeon (9/15)             Temple (0/1) D:4
   Lair: D:8-11         Orc: D:9-12

Altars:
Ashenzari
Cheibriados
Dithmenos
Hepliaklqana
Nemelex Xobeh
Wu Jian

Shops:
D:3 *   D:6 [(((

Annotations:
D:8 AlmostDecent's ghost, novice FoFi


Innate Abilities, Weirdness & Mutations

You cannot be hasted, slowed, berserked, paralysed or teleported.
You can dig through walls and to a lower floor.
You have a pair of large antennae on your head. (SInv)
Your four strong arms can wield two-handed weapons with a shield.


Message History

The ten-headed hydra closely misses you.
AlmostDecent's ghost closely misses you.
Your orb of destruction hits a rock wall.
You draw a card...
You have drawn the Orb.
Press: ? - help, Shift-Dir - straight line, f/p - ten-headed hydra
Aim: a ten-headed hydra (heavily wounded, ally target)
Your orb of destruction hits a translucent stone wall.
The wavering orb of destruction weakly hits AlmostDecent's ghost!
AlmostDecent's ghost is lightly damaged.
The wavering orb of destruction weakly hits the ten-headed hydra!!
The ten-headed hydra is severely wounded.
Your orb of destruction hits a rock wall.
Your orb of destruction hits a translucent stone wall.
The ten-headed hydra bites you but does no damage.
The ten-headed hydra bites you.
* * * LOW HITPOINT WARNING * * *
The ten-headed hydra closely misses you.
The ten-headed hydra bites you.
* * * LOW HITPOINT WARNING * * *
The ten-headed hydra bites you but does no damage.
The ten-headed hydra barely misses you.
The ten-headed hydra bites you but does no damage. x3
The ten-headed hydra closely misses you.
Your orb of destruction hits a rock wall.
You block AlmostDecent's ghost's attack.
You draw a card...
You have drawn Wild Magic.
AlmostDecent's ghost's body twists and writhes.
The air around the ten-headed hydra crackles with energy.
The ten-headed hydra seems to slow down.
You feel a surge of magic.
Your orb of destruction hits a translucent stone wall.
The ten-headed hydra bites you but does no damage.
The ten-headed hydra bites you!
* * * LOW HITPOINT WARNING * * *
The ten-headed hydra barely misses you.
The ten-headed hydra bites you but does no damage.
The ten-headed hydra bites you.
You die...
Your body glows slightly and disappears.

.# #............ .#
............. .#
............ ##.#
###....#.....
#.##♣≈P##...#.###.
#○#....♣ ##.#.##.)
##○'..... #.))..)..
#°○D..).. #..#.##..
#.@W..../ #.##.#...
#°°#..?.P#####.#...
###.○##.♣≈##.# #.....
#...○○######.# #.....
#..!*....###.###.....
#......○.............
#........##.####.#...
#........##.# ##..##
############### #.##


You could see a ten-headed hydra (slow, ally target) and AlmostDecent's ghost.

Vanquished Creatures
  The ghost of Dvallin the Quickloader, a novice FoHu (D:5)
  Grinder (D:3)
  7 yaks (D:8)
  Duvessa (D:6)
  2 water moccasins
  A black bear (D:6)
  A wolf (D:5)
  2 centaurs (D:8)
  A lemure (D:5)
  A phantom (D:6)
  A bullfrog (D:6)
  2 necrophages
  A gnoll sergeant (D:8)
  2 scorpions
  Dowan (D:6)
  8 wights (D:8)
  5 killer bees (D:8)
  4 howler monkeys
  3 jellies
  4 hounds
  A gnoll shaman (D:6)
  An orc priest (D:5)
  4 iguanas
  3 orc wizards
  7 adders
  12 gnolls
  A river rat (D:5)
  A white imp (D:6)
  An ufetubus (D:5)
  2 worms
  4 dart slugs
  10 orcs
  13 endoplasms
  A giant cockroach (D:1)
  12 goblins
  9 hobgoblins
  5 jackals
  2 quokkas
  9 ball pythons
  2 bats
  2 frilled lizards
  5 kobolds
  6 rats
162 creatures vanquished.

Vanquished Creatures (collateral kills)
  An acid dragon (D:8)
1 creature vanquished.

Grand Total: 163 creatures vanquished

Notes
Turn   | Place    | Note
-------+----------+-------------------------------------------
     0 | D:1      | dreadwin the Formicid Fighter began the quest for the Orb.
     0 | D:1      | Reached XP level 1. HP: 18/18 MP: 1/1
   188 | D:1      | Reached XP level 2. HP: 24/24 MP: 2/2
   609 | D:1      | Reached XP level 3. HP: 28/29 MP: 3/3
  1199 | D:2      | Found a faded altar of an unknown god.
  1201 | D:2      | Prayed at the altar of an unknown god.
  1201 | D:2      | Became a worshipper of Nemelex Xobeh the Trickster
  1201 | D:2      | Reached * piety under Nemelex Xobeh
  1201 | D:2      | Received a gift from Nemelex Xobeh
  1474 | D:2      | Reached XP level 4. HP: 37/37 MP: 4/4
  1738 | D:3      | Found Zyahuajirph's Assorted Antiques.
  1982 | D:3      | Reached skill level 1 in Stealth
  1982 | D:3      | Reached XP level 5. HP: 33/42 MP: 5/5
  2132 | D:3      | Found a snail-covered altar of Cheibriados.
  2142 | D:3      | Noticed Grinder
  2158 | D:3      | Killed Grinder
  2159 | D:3      | Reached XP level 6. HP: 45/49 MP: 6/6
  2599 | D:4      | Found a staircase to the Ecumenical Temple.
  2951 | D:4      | Received a gift from Nemelex Xobeh
  2978 | D:4      | Reached skill level 1 in Dodging
  3087 | D:4      | Reached ** piety under Nemelex Xobeh
  3150 | D:4      | Reached XP level 7. HP: 47/51 MP: 7/7
  3181 | D:4      | Reached skill level 5 in Polearms
  3181 | D:4      | Reached skill level 5 in Shields
  3376 | D:5      | Entered Level 5 of the Dungeon
  3395 | D:5      | Found a hazy altar of Hepliaklqana.
  3565 | D:5      | Reached skill level 1 in Maces & Flails
  3763 | D:5      | Found a runed translucent gate.
  3763 | D:5      | Found a runed translucent gate.
  3763 | D:5      | Found a runed translucent gate.
  3765 | D:5      | Noticed Dvallin's ghost (novice FoHu)
  3768 | D:5      | Noticed an unseen horror
  3793 | D:5      | Noticed a raiju
  3793 | D:5      | an unseen horror changed into a raiju
  3799 | D:5      | a raiju changed into a wolf
  3806 | D:5      | Reached XP level 8. HP: 31/61 MP: 8/8
  3822 | D:5      | Killed Dvallin's ghost
  3823 | D:5      | Reached skill level 3 in Maces & Flails
  3856 | D:5      | Reached skill level 5 in Armour
  4050 | D:5      | Reached skill level 5 in Fighting
  4074 | D:5      | Reached skill level 4 in Maces & Flails
  4748 | D:6      | Reached XP level 9. HP: 38/68 MP: 9/9
  4960 | D:6      | Found an ornate altar of the Wu Jian Council.
  5033 | D:6      | Reached skill level 5 in Maces & Flails
  5154 | D:6      | Found Hizofeekk's Antique Weapon Emporium.
  5204 | D:6      | Identified the +1 short sword "Gienk" {flame, Dex+3}
  5205 | D:6      | Found a broken altar of Ashenzari.
  5222 | D:6      | Noticed Dowan
  5228 | D:6      | Noticed Duvessa
  5239 | D:6      | Identified the -1 quarterstaff of Bloody Death {vorpal,
                  | rPois rCorr Stlth+}
  5245 | D:6      | Killed Duvessa
  5267 | D:6      | Killed Dowan
  5578 | D:6      | Found Icrapnie's Armour Shoppe.
  5589 | D:6      | Bought a +2 pair of gloves for 231 gold pieces
  5603 | D:6      | Received a gift from Nemelex Xobeh
  5608 | D:6      | Reached skill level 6 in Maces & Flails
  5739 | D:6      | Found a shadowy altar of Dithmenos.
  5785 | D:6      | Reached *** piety under Nemelex Xobeh
  5921 | D:6      | Found Afunibly's Weapon Emporium.
  6132 | D:6      | Found Zawymu's Antique Weapon Emporium.
  6187 | D:7      | Received a gift from Nemelex Xobeh
  6594 | D:7      | Identified the ring "Ickit" {Will+ EV+4 Int-4 Dex+2}
  6837 | D:7      | Reached **** piety under Nemelex Xobeh
  6902 | D:7      | You fall into a shaft and drop 2 floors!
  7014 | D:8      | Received a gift from Nemelex Xobeh
  7096 | D:8      | Reached skill level 7 in Maces & Flails
  7101 | D:8      | Reached XP level 10. HP: 76/76 MP: 10/10
  7129 | D:8      | Reached skill level 8 in Maces & Flails
  7514 | D:8      | Reached skill level 9 in Maces & Flails
  8167 | D:8      | Found a runed translucent gate.
  8167 | D:8      | Found a runed translucent gate.
  8167 | D:8      | Found a runed translucent gate.
  8168 | D:8      | Noticed a ten-headed hydra
  8169 | D:8      | Noticed AlmostDecent's ghost (novice FoFi)
  8187 | D:8      | HP: 3/77 [ten-headed hydra (10)]
  8187 | D:8      | Slain by a ten-headed hydra

Illustrated notes

Levels and vault maps discovered:
D:1:      psy_arrival_dodecagon, layout_basic
D:2:      layout_loops_ring, shapermc_ecumenical_altar_venn
D:3:      layout_loops_cross, marbit_many_paths, serial_shops, shop_fountains,
          minivault_5, uniq_grinder
D:4:      layout_basic, minmay_temple_entry_glass, st_stairs_12,
          columned_hall_lemuel
D:5:      layout_basic, mainiacjoe_overflow_catwalk, gammafunk_ghost_split
D:6:      layout_basic, mainiacjoe_overflow_brackets,
          mainiacjoe_overflow_concentric_impassable,
          nicolae_dithmenos_the_darkroom, serial_shops,
          nicolae_shop_behind_doors, nicolae_shop_bloodbath_and_beyond,
          nicolae_lakefront_shop, shop, uniq_duvessa
D:7:      layout_cave_pods, palyth_stone_intersect
D:8:      nicolae_whirlpool, layout_rooms, enter_bailey_5,
          gammafunk_ghost_hydra_chop, kennysheep_generic_room_15
D:9:      layout_roguey, zin_scriptorium, dk_noncrumbling_3, lightli_orcish_oven

Skill      XL: |  1  2  3  4  5  6  7  8  9 10 |
---------------+-------------------------------+-----
Shields        | 4 5 6 |  6.6
Polearms       | 3 4 5 |  5.4
Stealth        | 1 2 |  2.5
Fighting       | 4 5 6 7 |  7.0
Armour         | 4 5 6 |  6.7
Dodging        | 1 2 3 |  3.4
Maces & Flails | 1 4 7 9 |  9.2
Slings         | |  0.3

Action                   |  1- 3 |  4- 6 |  7- 9 | 10-12 || total
-------------------------+-------+-------+-------+-------++-------
Melee: Trident           |    97 |   138 |       |       ||   235
       Morningstar       |       |    14 |   304 |   123 ||   441
 Fire: Hunting sling     |       |       |     3 |       ||     3
Invok: Draw Destruction  |       |       |     6 |     6 ||    12
       Draw Summoning    |       |       |     1 |     1 ||     2
 Abil: Dig               |     1 |     5 |     2 |     2 ||    10
  Use: Scroll            |     1 |     3 |     1 |       ||     5
       Potion            |       |     2 |     2 |     3 ||     7
Armor: Scale mail        |    32 |    67 |   178 |    86 ||   363
       Skin              |       |       |    16 |    37 ||    53
Dodge: Dodged            |    34 |   140 |   251 |   164 ||   589
Block: Buckler           |    22 |    49 |    94 |    71 ||   236

Table legend: (Time is in decaauts)
 A = Elapsed time spent in this place.
 B = Non-inter-level travel time spent in this place.
 C = Inter-level travel time spent in this place.
 D = Time resting spent in this place.
 E = Time spent auto-exploring this place.
 F = Levels seen in this place.
 G = Mean time per level.
                   A        B        C        D        E       F      G
               +--------+--------+--------+--------+--------+-----+--------+
         Total |   8333 |   8308 |     25 |      0 |   5516 |   9 |  925.9 |
       Dungeon |   8333 |   8308 |     25 |      0 |   5516 |   9 |  925.9 |
               +--------+--------+--------+--------+--------+-----+--------+

Top non-repeatable levels by time:
     D:6: 1518 daAuts
     D:5: 1353 daAuts
     D:8: 1240 daAuts
     D:3: 976 daAuts
     D:1: 937 daAuts
     D:4: 793 daAuts
     D:7: 732 daAuts
     D:2: 717 daAuts
     D:9: 63 daAuts
